 Dungeon Crawl Stone Soup version 0.29-a0-334-gb41bcbb86e (webtiles) character file.

Game seed: 9410358234965658881

326848 siradein the Trollish Cataclysm (level 20, -44/181 (205) HPs)
             Began as a Troll Fighter on Apr 14, 2022.
             Was a High Priest of Qazlal.
             Killed from afar by a halazid warlock (84 damage)
             ... with a ghostly fireball
             ... in the Desolation of Salt on Apr 15, 2022.
             The game lasted 03:08:02 (37626 turns).

siradein the Trollish Cataclysm (Troll Fighter)    Turns: 37626, Time: 03:08:03

HP:   -44/181 (205) AC: 20    Str: 31    XL:     20   Next: 77%
MP:   25/30         EV: 18    Int:  4    God:    Qazlal [*****.]
Gold: 2339          SH: 29    Dex: 13    Spells: 19/19 levels left

rFire   . . .      SeeInvis +   c - +2 eveningstar (flame)
rCold   . . .      Faith    +   f - +5 kite shield {reflect}
rNeg    . . .      Spirit   .   y - +0 troll leather armour
rPois   .          Reflect  +   v - +2 hat {SInv}
rElec   .          Harm     .   B - +2 cloak {rCorr}
rCorr   +          Rampage  .   (gloves unavailable)
Will    .....                   (boots unavailable)
Stlth   +.........              x - amulet of faith
HPRegen 2.00/turn               g - +4 ring of protection
MPRegen 0.22/turn               C - +4 ring of evasion

@: weak-willed, protected from physical damage, slowed, studying Short Blades,
heavily drained, repel missiles, very slow
A: large, unfitting armour, claws 3, regeneration 1, shaggy fur 1, tough skin 1,
hooves 1, large bone plates 2
}: 2/15 runes: decaying, serpentine
a: Renounce Religion, Upheaval, Elemental Force, Disaster Area


You were in the Desolation of Salt.
You worshipped Qazlal.
Qazlal was extremely pleased with you.
You visited 8 branches of the dungeon, and saw 38 of its levels.
You also visited: Sewer, Gauntlet, Ice Cave, Volcano and Desolation.

You collected 5342 gold pieces.
You spent 3003 gold pieces at shops.

Inventory:

Hand Weapons
 c - a +2 eveningstar of flaming (weapon)
 P - a +7 spectral demon whip
 T - a +3 sacred scourge of holy wrath
Missiles
 q - 10 curare-tipped darts (quivered)
Armour
 f - a +5 kite shield of reflection (worn)
 v - a +2 hat of see invisible (worn)
 y - a +0 troll leather armour (worn)
 B - a +2 cloak of preservation (worn)
 D - +0 swamp dragon scales
 N - a +2 tower shield of protection
Jewellery
 g - a +4 ring of protection (left claw)
 j - a ring of positive energy
 x - an amulet of faith (around neck)
 C - a +4 ring of evasion (right claw)
 K - a ring of protection from cold
 U - a ring of fire
 V - the ring "Henech" {rC- Will+ Int+6 Dex+6}
   (You found it in a Gauntlet)

   [ring of dexterity]

   Int:       It affects your intelligence (+6).
   Dex:       It affects your dexterity (+6).
   rC:        It makes you vulnerable to cold.
   Will:      It increases your willpower.
Wands
 m - a wand of paralysis (44)
 s - a wand of acid (32)
 A - a wand of polymorph (38)
 I - a wand of iceblast (41)
 L - a wand of mindburst (32)
 S - a wand of flame (50)
 Y - a wand of charming (7)
 Z - a wand of digging (12)
Scrolls
 k - 11 scrolls of fog
 l - 19 scrolls of teleportation
 o - 8 scrolls of fear
 t - 5 scrolls of amnesia
 u - 2 scrolls of silence
 w - 3 scrolls of summoning
 G - 4 scrolls of immolation
 J - 10 scrolls of blinking
 O - 3 scrolls of magic mapping
 W - 18 scrolls of identify
Potions
 a - 10 potions of heal wounds
 b - 4 potions of flight
 d - 3 potions of might
 e - 13 potions of mutation
 h - 5 potions of magic
 i - 7 potions of resistance
 n - 3 potions of brilliance
 p - 32 potions of curing
 z - 5 potions of haste
 F - 3 potions of cancellation
 Q - 4 potions of berserk rage
 R - 4 potions of ambrosia
 X - 2 potions of invisibility
Miscellaneous
 r - a condenser vane
 E - a phial of floods
 H - a lightning rod (4/4)


   Skills:
 + Level 13.8 Fighting
 + Level 14.0 Maces & Flails
 + Level 11.2 Armour
 + Level 13.8 Dodging
 + Level 13.8 Shields
 + Level 15.1 Invocations
 + Level 9.4 Evocations


You had 19 spell levels left.
You didn't know any spells.
Your spell library contained the following spells:

 Spells                   Type           Power      Damage    Failure   Level
 Apportation              Tloc           0%         N/A       69%         1
 Beastly Appendage        Tmut           0%         N/A       69%         1
 Foxfire                  Conj/Fire      0%         2x1d4     69%         1
 Pain                     Necr           0%         1d4       69%         1
 Slow                     Hex            0%         N/A       69%         1
 Corpse Rot               Necr/Air       0%         N/A       83%         2
 Ensorcelled Hibernation  Hex/Ice        0%         N/A       83%         2
 Poisonous Vapours        Pois/Air       0%         N/A       83%         2
 Scorch                   Fire           0%         2d5       83%         2
 Static Discharge         Conj/Air       0%         N/A       83%         2
 Wereblood                Tmut           0%         N/A       83%         2
 Call Canine Familiar     Summ           0%         N/A       96%         3
 Confusing Touch          Hex            0%         N/A       96%         3
 Conjure Flame            Conj/Fire      0%         6-21      96%         3
 Dazzling Flash           Conj/Hex       0%         N/A       96%         3
 Frozen Ramparts          Ice            0%         1d2       96%         3
 Gell's Gravitas          Tloc           0%         N/A       96%         3
 Ignite Poison            Fire/Tmut/Pois 0%         N/A       96%         3
 Inner Flame              Hex/Fire       0%         N/A       96%         3
 Lesser Beckoning         Tloc           0%         N/A       96%         3
 Mephitic Cloud           Conj/Pois/Air  0%         N/A       96%         3
 Portal Projectile        Hex/Tloc       0%         N/A       96%         3
 Spider Form              Tmut/Pois      0%         N/A       96%         3
 Summon Guardian Golem    Hex/Summ       0%         N/A       96%         3
 Swiftness                Air            0%         N/A       96%         3
 Teleport Other           Tloc           0%         N/A       96%         3
 Vampiric Draining        Necr           0%         2d6       96%         3
 Anguish                  Hex/Necr       0%         N/A       100%        4
 Animate Dead             Necr           0%         N/A       100%        4
 Flame Wave               Conj/Fire      0%         2d4       100%        4
 Fulminant Prism          Conj/Hex       0%         3d6       100%        4
 Hailstorm                Conj/Ice       0%         3d3       100%        4
 Ice Form                 Ice/Tmut       0%         N/A       100%        4
 Iskenderun's Mystic Bla  Conj/Tloc      0%         2d3       100%        4
 Leda's Liquefaction      Hex/Erth       0%         N/A       100%        4
 Olgreb's Toxic Radiance  Pois           0%         N/A       100%        4
 Summon Ice Beast         Ice/Summ       0%         N/A       100%        4
 Summon Lightning Spire   Summ/Air       0%         N/A       100%        4
 Agony                    Necr           0%         N/A       100%        5
 Alistair's Intoxication  Tmut/Pois      0%         N/A       100%        5
 Borgnjor's Vile Clutch   Necr/Erth      0%         N/A       100%        5
 Excruciating Wounds      Necr           0%         N/A       100%        5
 Freezing Cloud           Conj/Ice/Air   0%         6-21      100%        5
 Lee's Rapid Deconstruct  Erth           0%         3d5*      100%        5
 Lightning Bolt           Conj/Air       0%         1d11      100%        5
 Silence                  Hex/Air        0%         N/A       100%        5
 Summon Forest            Summ/Tloc      0%         N/A       100%        5
 Summon Mana Viper        Hex/Summ       0%         N/A       100%        5
 Conjure Ball Lightning   Conj/Air       0%         3x3d6     100%        6
 Death Channel            Necr           0%         N/A       100%        6
 Dispersal                Tloc           0%         N/A       100%        6
 Simulacrum               Ice/Necr       0%         N/A       100%        6
 Summon Cactus Giant      Summ           0%         N/A       100%        6
 Malign Gateway           Summ/Tloc      0%         N/A       100%        7
 Orb of Destruction       Conj           0%         9d5       100%        7
 Ozocubu's Refrigeration  Ice            0%         4d5       100%        7
 Spellforged Servitor     Conj/Summ      0%         N/A       100%        7
 Storm Form               Tmut/Air       0%         N/A       100%        7
 Discord                  Hex            0%         N/A       100%        8
 Disjunction              Tloc           0%         N/A       100%        8
 Ignition                 Fire           0%         3d3       100%        8
 Maxwell's Capacitive Co  Air            0%         ∞         100%        8
 Summon Horrible Things   Summ           0%         N/A       100%        8


Dungeon Overview and Level Annotations

Branches:
Dungeon (15/15)            Temple (1/1) D:7            Lair (6/6) D:8
  Swamp (4/4) Lair:4        Snake (4/4) Lair:4        Slime (0/5) Lair:6
    Orc (2/2) D:10            Elf (2/3) Orc:2        Vaults (4/5) D:13
  Crypt (0/3) Vaults:3     Depths (0/4) D:15          Sewer (visited)
  IceCv (visited)         Volcano (visited)         Desolation (1/1)
Gauntlet (visited)

Altars:
Ashenzari
Cheibriados
Dithmenos
Elyvilon
Fedhas
Gozag
Hepliaklqana
Kikubaaqudgha
Makhleb
Nemelex Xobeh
Okawaru
Qazlal
Ru
Sif Muna
Trog
Uskayaw
Vehumet
Wu Jian
Xom
Yredelemnul
Zin
The Shining One
Beogh

Shops:
D:2 [   D:12 :   Orc:2 =[!!   Elf:1 [   Snake:1 :?*   Snake:4 (   Vaults:1 :
Vaults:3 !

Portals:
Abyss: Snake:3

Annotations:
D:12 1 runed translucent door
Snake:3 2 transporters, Rofid's ghost, journeyman DrCj


Innate Abilities, Weirdness & Mutations

You are too large for most types of armour.
You have claws for hands.
Your natural rate of healing is unusually fast.
You are covered in fur. (AC +1)
You have tough skin. (AC +1)
You have large cloven feet.
You are mostly covered in large bone plates. (SH +6)


Message History

You feel more protected from physical attacks.
The saltling closely misses you. The halazid warlock barely misses you.
The saltling is engulfed in freezing vapours.
You destroy the saltling!
The saltling dissolves into shadows!
The molten gargoyle blasts magma at you!
The bolt of magma hits you!
* * * LOW HITPOINT WARNING * * *
You hear a sizzling sound!
You block the servant of whispers's attack.
The servant of whispers hits you but does no damage.
You feel much better.
Your surroundings suddenly seem different. 2 saltlings come into view.
You hear a shout! x8
A saltling comes into view. x2
A servant of whispers comes into view. It is wielding a +0 spear.
Unknown command.
Unknown command.
A servant of whispers and a saltling come into view.
The servant of whispers shouts!
You block the servant of whispers's attack.
A molten gargoyle comes into view. It is wielding a +0 mace.
The servant of whispers hits you from afar with a +0 spear.
* * * LOW HITPOINT WARNING * * *
A halazid warlock comes into view. x2
The saltling moves out of view.
As you read the scroll of fear, it crumbles to dust.
You assume a fearsome visage.
The molten gargoyle is unaffected.
The halazid warlock is unaffected. x2
The servant of whispers resists with some effort.
The saltling is unaffected.
The servant of whispers looks frightened!
The saltling is unaffected. x2; You block the saltling's attack.
The halazid warlock mumbles some strange words.
The halazid warlock points at the saltling and mumbles some strange words.
The saltling's animating energy erupts into ghostly fire!
The ghostly flame explodes!
The ghostly fireball engulfs you!!!!
You feel drained.
You die... ..............
L ....#.9...... a9 ............
La.

...........
.9a.
........
....a
○.°○.#
......#○..#
.......@○#
.....☼9☼.#
....§.○..#
§§§§§..§.#
§..§§9.§.#
..§§§§§§.#
....§§§.§#
.....§§§§§
...#§....


You could see a ragged hierophant (summoned, wandering), 3 servants of whispers,
2 halazid warlocks, a molten gargoyle and 4 saltlings.

Vanquished Creatures
  Saint Roka (Snake:3)
  Nikola (Snake:1)
  Jorgrun (D:15)
  5 tentacled monstrosities (Swamp:4)
  4 thorn hunters
  Frances (Elf:1)
  A sphinx (Vaults:2)
  A shadow dragon (Vaults:3)
  Agnes (Snake:4)
  3 nagarajas
  25 slime creatures
  4 fenstrider witches (Swamp:4)
  A deep elf sorcerer (Elf:1)
  2 frost giants (IceCv)
  3 orc warlords
  Aizul (Snake:3)
  An imperial myrmidon (Desolation)
  14 vault wardens
  Louise (Swamp:3)
  2 angels (Elf:2)
  5 war gargoyles
  6 ironbound thunderhulks
  6 ironbound preservers
  A deep elf demonologist (Vaults:1)
  3 eleionomae
  2 vampire knights (Vaults:3)
  Azrael (Orc:2)
  A white draconian (IceCv)
  A minotaur (Gauntlet)
  6 bunyips
  5 deep elf death magi
  A blizzard demon (Swamp:4)
  7 great orbs of eyes
  A green death (Swamp:4)
  A fire dragon (D:15)
  Josephine (D:13)
  4 shambling mangroves
  A deep elf high priest (Elf:1)
  9 vault guards
  9 naga warriors
  6 yaktaur captains
  2 servants of whispers (Desolation)
  6 ogre magi
  2 ice dragons
  Harold (Lair:2)
  4 boulder beetles
  21 hydras
  4 salamander tyrants (Snake:4)
  11 anacondas
  12 two-headed ogres
  4 peacekeepers
  15 centaur warriors
  16 ironbound frosthearts
  A ghost crab (Swamp:3)
  3 catoblepae
  7 dancing weapons
  11 alligators
  A deep troll shaman (Lair:6)
  3 tengu warriors
  23 death yaks
  A hell hog (Volcano)
  A vampire mage (Vaults:3)
  An orc high priest (Orc:2)
  2 spriggan berserkers
  14 naga sharpshooters
  4 shock serpents
  The ghost of hgbash the Skirmisher, a novice GrBe of Trog (Lair:1)
  7 deep elf knights
  Nergalle (Orc:2)
  A fire crab (Lair:5)
  Amaemon (D:7)
  3 salamander mystics (Snake:4)
  A death drake (Swamp:4)
  5 goliath frogs
  3 deep trolls (Vaults:4)
  3 naga ritualists (Snake:4)
  10 wizards
  3 spriggan druids
  15 lindwurms
  7 deep elf archers
  The ghost of Atlas the Magician, a novice OpAE (D:5)
  14 ironbound convokers
  4 bog bodies
  19 deep elf zephyrmancers
  An orange crystal statue (IceCv)
  11 deep elf pyromancers
  5 swamp dragons
  10 orc knights
  4 harpies
  11 orc sorcerers
  4 manticores
  4 mana vipers
  2 cyclopes
  An oklob plant (Lair:4)
  5 will-o-the-wisps
  31 ugly things
  9 salamanders
  19 elephants
  4 molten gargoyles (D:15)
  5 guardian serpents
  12 vault sentinels
  25 black mambas
  10 naga magi
  3 orange demons
  Psyche (D:8)
  11 cane toads
  22 rime drakes
  A tengu conjurer (D:15)
  2 efreet (D:15)
  30 yaktaurs
  3 hellwings
  7 komodo dragons
  12 tyrant leeches
  6 trolls
  A polar bear (shapeshifter) (D:14)
  16 polar bears
  11 hornets
  10 saltlings (Desolation)
  21 blink frogs
  4 dream sheep (Lair:5)
  A snapping turtle (shapeshifter) (D:15)
  Sigmund (D:3)
  A vampire (D:9)
  2 air elementals
  2 fire bats (Volcano)
  3 wyverns
  10 spriggans
  2 water elementals (Elf:1)
  39 yaks
  Eustachio (D:4)
  5 wraiths
  Grum (D:8)
  3 fire elementals
  5 basilisks
  A chaos spawn (Swamp:4)
  A basilisk (shapeshifter) (D:13)
  A steam dragon (D:10)
  4 vampire mosquitoes (Swamp:1)
  3 neqoxecs (Swamp:4)
  5 wargs
  11 swamp worms
  Menkaure (D:6)
  38 nagas
  An acid dragon (D:10)
  3 hell hounds
  13 water moccasins
  20 orc warriors
  3 swamp drakes
  2 ice beasts (D:8)
  4 black bears
  A sky beast (D:7)
  A tengu (D:8)
  14 ogres
  17 centaurs
  47 wolves
  2 phantoms
  Blork the orc (D:5)
  2 kobold brigands
  2 earth elementals
  A necrophage (D:5)
  14 bullfrogs
  13 wights
  3 killer bees (D:10)
  An electric eel (Lair:6)
  2 howler monkeys
  A lava snake (D:15)
  A centaur zombie (D:9)
  19 orc priests
  A jelly (Lair:6)
  7 hounds
  A gnoll shaman (D:5)
  Crazy Yiuf (D:3)
  Jessica (D:2)
  2 iguanas
  36 orc wizards
  A howler monkey zombie (D:9)
  13 gnolls (D:5)
  14 adders
  A white imp (D:6)
  An ufetubus (D:4)
  4 dart slugs
  4 worms
  69 orcs
  6 bats
  7 endoplasms
  12 giant cockroaches
  4 hobgoblins
  7 jackals
  16 kobolds
  7 quokkas
  4 ball pythons
  15 frilled lizards
  9 goblins
  4 rats
  6 briar patches (Swamp:4)
  A bush (Lair:4)
  A foxfire (Swamp:4)
1337 creatures vanquished.

Vanquished Creatures (collateral kills)
  Rupert (Lair:6)
  Donald (Snake:4)
  A fenstrider witch (Swamp:4)
  A war gargoyle (Vaults:3)
  Snorg (Lair:5)
  A sixfirhy (Swamp:4)
  A salamander (Snake:4)
  A naga (Snake:4)
  8 wolves (Lair:6)
16 creatures vanquished.

Vanquished Creatures (others)
  A deep elf zephyrmancer (Elf:1)
  A salamander (Snake:1)
  2 guardian serpents
  A saltling (Desolation)
  A bloated husk (Swamp:1)
  A kobold (D:10)
  3 briar patches
  8 foxfires
  15 fungi
  32 plants
65 creatures vanquished.

Grand Total: 1418 creatures vanquished

Notes
Turn   | Place    | Note
-------+----------+-------------------------------------------
     0 | D:1      | siradein the Troll Fighter began the quest for the Orb.
     0 | D:1      | Reached XP level 1. HP: 22/22 MP: 0/0
   136 | D:1      | Reached XP level 2. HP: 29/29 MP: 1/1
   203 | D:1      | Found a faded altar of an unknown god.
   448 | D:2      | Noticed Jessica
   452 | D:2      | Killed Jessica
   453 | D:2      | Reached XP level 3. HP: 35/36 MP: 2/2
   459 | D:2      | Found Hyeki's Armour Emporium.
   599 | D:2      | Reached XP level 4. HP: 44/44 MP: 3/3
  1451 | D:3      | Identified the +2 robe of Fashionability {rN+ Str+4}
  1467 | D:3      | Noticed Sigmund
  1475 | D:3      | Killed Sigmund
  1476 | D:3      | Reached XP level 5. HP: 53/53 MP: 4/4
  1476 | D:3      | Reached XP level 6. HP: 61/61 MP: 5/5
  1489 | D:3      | You fall into a shaft and drop 1 floor!
  1558 | D:4      | Noticed Eustachio
  1618 | D:4      | Killed Eustachio
  1619 | D:4      | Reached XP level 7. HP: 36/68 MP: 6/6
  1758 | D:4      | Found a glowing drain.
  1783 | Sewer    | Entered a sewer
  2392 | D:5      | Entered Level 5 of the Dungeon
  2784 | D:3      | Found a runed translucent door.
  2785 | D:3      | Noticed Crazy Yiuf
  3082 | D:3      | Killed Crazy Yiuf
  3196 | D:5      | Found a runed translucent gate.
  3197 | D:5      | Found a runed translucent gate.
  3211 | D:5      | Found a runed translucent gate.
  3217 | D:5      | Noticed Atlas's ghost (novice OpAE)
  3292 | D:5      | Reached XP level 8. HP: 79/79 MP: 7/7
  3529 | D:5      | Noticed Blork the orc
  3540 | D:5      | Killed Blork the orc
  3684 | D:5      | Reached skill level 5 in Shields
  3735 | D:5      | Reached skill level 5 in Fighting
  3735 | D:5      | Reached skill level 5 in Maces & Flails
  3735 | D:5      | Reached skill level 5 in Dodging
  4142 | D:6      | Noticed Menkaure
  4239 | D:6      | Killed Menkaure
  4331 | D:6      | Found a blossoming altar of Fedhas.
  4380 | D:6      | Found a bloodstained altar of Trog.
  4417 | D:6      | Reached XP level 9. HP: 88/88 MP: 8/8
  5356 | D:7      | Found a hazy altar of Hepliaklqana.
  5358 | D:7      | Found a shadowy altar of Dithmenos.
  5588 | D:7      | Found a staircase to the Ecumenical Temple.
  5594 | Temple   | Entered the Ecumenical Temple
  5671 | Temple   | Became a worshipper of Qazlal Stormbringer
  5762 | D:8      | Found a staircase to the Lair.
  5763 | D:8      | Noticed Psyche
  6251 | D:8      | Killed Psyche
  6252 | D:8      | Reached skill level 1 in Invocations
  6317 | D:8      | Noticed Maurice
  6320 | D:8      | Noticed Maurice
  6320 | D:8      | Maurice changed into Maurice the tengu
  6341 | D:8      | Killed Maurice the tengu
  6462 | D:8      | Reached skill level 2 in Invocations
  6479 | D:8      | Reached XP level 10. HP: 78/100 MP: 10/10
  6637 | D:8      | Reached * piety under Qazlal
  6878 | D:8      | Noticed Amaemon
  6879 | D:8      | Noticed an orange demon
  6880 | D:8      | Noticed Grum
  7106 | D:7      | Killed Amaemon
  7107 | D:7      | Reached skill level 3 in Invocations
  7172 | D:8      | Killed Grum
  7176 | D:8      | Killed an orange demon
  7233 | D:8      | Got Sif Muna's Volume of the Birds
  7374 | D:8      | Found a shimmering blue altar of Sif Muna.
  7428 | D:9      | Noticed a two-headed ogre
  7436 | D:9      | Killed a two-headed ogre
  7474 | D:9      | Noticed a purple ugly thing
  7480 | D:9      | Killed a purple ugly thing
  7520 | D:9      | Noticed a seven-headed hydra
  7528 | D:9      | Killed a seven-headed hydra
  7529 | D:9      | Reached skill level 4 in Invocations
  7935 | D:9      | Reached XP level 11. HP: 103/109 MP: 13/13
  8023 | D:9      | Paralysed by a hornet for 1 turns
  8261 | D:9      | Found a basalt altar of Yredelemnul.
  8323 | D:10     | Entered Level 10 of the Dungeon
  8619 | D:10     | Noticed a tengu warrior
  8624 | D:10     | Killed a tengu warrior
  8624 | D:10     | Reached ** piety under Qazlal
  9066 | D:10     | Reached skill level 5 in Invocations
  9075 | D:10     | Found a staircase to the Orcish Mines.
  9476 | D:11     | Noticed a two-headed ogre
  9481 | D:11     | Killed a two-headed ogre
  9481 | D:11     | Reached *** piety under Qazlal
  9492 | D:11     | Noticed a two-headed ogre
  9501 | D:11     | Killed a two-headed ogre
  9517 | D:11     | Found a gate leading to a gauntlet.
  9525 | Gauntlet | Entered a Gauntlet
  9525 | Gauntlet | Found a transporter.
  9528 | Gauntlet | Found a transporter.
  9540 | Gauntlet | Noticed a death scarab
  9540 | Gauntlet | Noticed a death scarab
  9544 | Gauntlet | Found a transporter.
  9548 | Gauntlet | Found a transporter.
  9552 | Gauntlet | Noticed a hell beast
  9560 | Gauntlet | Found a transporter.
  9575 | Gauntlet | Noticed a wizard
  9576 | Gauntlet | Found a runed translucent door.
  9578 | Gauntlet | Found a transporter.
  9578 | Gauntlet | Noticed a wizard
  9581 | Gauntlet | Found a transporter.
  9585 | Gauntlet | Found a transporter.
  9586 | Gauntlet | Noticed an orange crystal statue
  9591 | Gauntlet | Found a runed translucent door.
  9608 | Gauntlet | Found a transporter.
  9616 | Gauntlet | Found a transporter.
  9616 | Gauntlet | Found a transporter.
  9618 | Gauntlet | Found a runed translucent door.
  9618 | Gauntlet | Noticed a reaper
  9624 | Gauntlet | Found a transporter.
  9630 | Gauntlet | Found a runed translucent door.
  9827 | Gauntlet | Identified the +3 hat of Yjememuo {Dex+4}
  9859 | Gauntlet | Identified the ring "Henech" {rC- Will+ Int+6 Dex+6}
  9977 | Gauntlet | Noticed a minotaur
  9998 | Gauntlet | Killed a minotaur
 10143 | D:11     | Identified the +7 whip of Deflation {vorpal, *Rage rF+
                  | rN+++ Str-4}
 10511 | Lair:1   | Entered Level 1 of the Lair of Beasts
 10574 | Lair:1   | Noticed a six-headed hydra
 10591 | Lair:1   | Killed a six-headed hydra
 10689 | Lair:1   | Found a runed translucent door.
 10689 | Lair:1   | Found a shimmering altar of Xom.
 10689 | Lair:1   | Noticed hgbash's ghost (novice GrBe)
 10690 | Lair:1   | Noticed a +2 rapier of chaos
 10829 | D:5      | Killed Atlas's ghost
 10830 | D:5      | Reached skill level 6 in Invocations
 10830 | D:5      | Reached XP level 12. HP: 110/120 MP: 15/15
 10940 | Lair:1   | Noticed a six-headed hydra
 10948 | Lair:1   | Killed a six-headed hydra
 11344 | Lair:1   | Reached **** piety under Qazlal
 11345 | Lair:1   | Reached skill level 1 in Armour
 11353 | Lair:1   | Killed hgbash's ghost
 11501 | Lair:2   | Noticed Harold
 11510 | Lair:2   | Killed Harold
 11511 | Lair:2   | Reached skill level 7 in Invocations
 11648 | Lair:2   | Noticed a catoblepas
 11662 | Lair:2   | Killed a catoblepas
 11688 | Lair:2   | You fall into a shaft and drop 1 floor!
 11688 | Lair:3   | Noticed a six-headed hydra
 11694 | Lair:3   | Killed a six-headed hydra
 12123 | Lair:3   | Noticed a boulder beetle
 12130 | Lair:3   | Reached ***** piety under Qazlal
 12138 | Lair:3   | Reached XP level 13. HP: 107/131 MP: 17/17
 12171 | Lair:3   | Found an ornate altar of the Wu Jian Council.
 12171 | Lair:3   | Found a hide-covered altar of Uskayaw.
 12387 | Lair:3   | Reached skill level 8 in Invocations
 13052 | Lair:4   | Found a staircase to the Snake Pit.
 13063 | Lair:4   | Reached skill level 10 in Maces & Flails
 13128 | Lair:4   | Reached skill level 9 in Invocations
 13153 | Lair:4   | Found a staircase to the Swamp.
 14099 | Lair:5   | Noticed Snorg
 14107 | Lair:5   | Killed Snorg
 14108 | Lair:5   | Reached skill level 1 in Evocations
 14200 | Lair:5   | Reached XP level 14. HP: 116/140 MP: 20/20
 14278 | Lair:5   | Reached skill level 5 in Armour
 14284 | Lair:5   | Reached skill level 10 in Invocations
 14838 | Lair:6   | Entered Level 6 of the Lair of Beasts
 14899 | Lair:6   | Reached ****** piety under Qazlal
 14949 | Lair:6   | Noticed Rupert
 14958 | Lair:6   | Killed Rupert
 14959 | Lair:6   | Reached skill level 10 in Shields
 14969 | Lair:6   | Reached skill level 10 in Dodging
 14983 | Lair:6   | Reached skill level 10 in Fighting
 15110 | Lair:6   | Found a staircase to the Slime Pits.
 16163 | D:12     | Reached XP level 15. HP: 149/149 MP: 22/22
 16189 | D:12     | Found Gigoqynk's Book Emporium.
 16202 | D:12     | Reached skill level 11 in Invocations
 16347 | D:12     | Identified a scroll of acquirement
 16392 | D:12     | Found a runed translucent door.
 16394 | D:12     | Noticed a sphinx
 16394 | D:12     | Noticed a storm dragon
 16394 | D:12     | Noticed a tengu reaver
 16820 | Orc:1    | Entered Level 1 of the Orcish Mines
 16820 | Orc:1    | Noticed an orc warlord
 16826 | Orc:1    | Killed an orc warlord
 17180 | Orc:2    | Entered Level 2 of the Orcish Mines
 17181 | Orc:2    | Acquired the +10 morningstar of the Shifting Salmon
                  | {vorpal, Will+ Dex+2}
 17300 | Orc:2    | Found a burning altar of Makhleb.
 17308 | Orc:2    | Noticed Azrael
 17340 | Orc:2    | Killed Azrael
 17419 | Orc:2    | Found a staircase to the Elven Halls.
 17421 | Orc:2    | Found a dark tunnel.
 17430 | Volcano  | Entered a volcano
 17715 | Volcano  | Identified the +2 pair of boots "Fol Poch" {Int+3}
 18210 | Orc:2    | Found Qeleaxa's Jewellery Shoppe.
 18230 | Orc:2    | Found an ancient bone altar of Kikubaaqudgha.
 18230 | Orc:2    | Noticed Nergalle
 18236 | Orc:2    | Killed Nergalle
 18242 | Orc:2    | Found Mijief's Antique Armour Emporium.
 18309 | Orc:2    | Found Mous's Distillery.
 18347 | Orc:2    | Found a radiant altar of Vehumet.
 18391 | Orc:2    | Bought 2 potions of cancellation for 256 gold pieces
 18391 | Orc:2    | Bought a potion of curing for 48 gold pieces
 18391 | Orc:2    | Bought a potion of attraction for 48 gold pieces
 18391 | Orc:2    | Bought a potion of mutation for 128 gold pieces
 18391 | Orc:2    | Bought a potion of heal wounds for 80 gold pieces
 18391 | Orc:2    | Bought a potion of curing for 48 gold pieces
 18391 | Orc:2    | Bought a potion of curing for 48 gold pieces
 18421 | Orc:2    | Found Attiec's Distillery.
 18430 | Orc:2    | Bought a potion of heal wounds for 65 gold pieces
 18430 | Orc:2    | Bought a potion of might for 52 gold pieces
 18430 | Orc:2    | Bought a potion of might for 52 gold pieces
 18430 | Orc:2    | Bought a potion of curing for 39 gold pieces
 18430 | Orc:2    | Bought a potion of curing for 39 gold pieces
 18430 | Orc:2    | Bought a potion of curing for 39 gold pieces
 18430 | Orc:2    | Bought a potion of curing for 39 gold pieces
 18430 | Orc:2    | Bought a potion of haste for 130 gold pieces
 18895 | D:13     | Noticed Josephine
 18899 | D:13     | Killed Josephine
 19188 | D:13     | Found a gate to the Vaults.
 20160 | D:15     | Entered Level 15 of the Dungeon
 20179 | D:15     | Reached skill level 12 in Invocations
 20182 | D:15     | Reached XP level 16. HP: 148/161 MP: 22/24
 20422 | D:15     | Identified the +0 long sword "Wahi" {vorpal, rCorr Int+4}
 20650 | D:15     | Found a staircase to the Depths.
 20760 | D:15     | Noticed Jorgrun
 20785 | D:15     | Killed Jorgrun
 21214 | D:15     | Acquired a +2 hat of see invisible
 21459 | Swamp:1  | Entered Level 1 of the Swamp
 21469 | Swamp:1  | Reached skill level 5 in Evocations
 21543 | Swamp:1  | Noticed a thorn hunter
 21558 | Swamp:1  | Killed a thorn hunter
 22364 | Swamp:2  | You fall into a shaft and drop 1 floor!
 22380 | Swamp:3  | Noticed Louise
 22385 | Swamp:3  | Killed Louise
 23321 | Swamp:4  | Entered Level 4 of the Swamp
 23339 | Swamp:4  | Reached XP level 17. HP: 154/170 MP: 25/25
 23526 | Swamp:4  | Noticed a tentacled monstrosity
 23540 | Swamp:4  | Killed a tentacled monstrosity
 23733 | Swamp:4  | Noticed a tentacled monstrosity
 23742 | Swamp:4  | Noticed a tentacled monstrosity
 23749 | Swamp:4  | Killed a tentacled monstrosity
 23759 | Swamp:4  | Killed a tentacled monstrosity
 23813 | Swamp:4  | Paralysed by a fenstrider witch for 6 turns
 24152 | Swamp:4  | Noticed a tentacled monstrosity
 24160 | Swamp:4  | Killed a tentacled monstrosity
 24362 | Swamp:4  | Reached skill level 13 in Invocations
 24407 | Swamp:4  | Noticed a tentacled monstrosity
 24420 | Swamp:4  | Killed a tentacled monstrosity
 24448 | Swamp:4  | Got a decaying rune of Zot
 24495 | Swamp:4  | Acquired 1085 gold pieces
 24982 | Snake:1  | Entered Level 1 of the Snake Pit
 25029 | Snake:1  | Noticed Nikola
 25036 | Snake:1  | Killed Nikola
 25329 | Snake:1  | Found Abasit's Assorted Antiques.
 25331 | Snake:1  | Found Rurira's Magic Scroll Shop.
 25335 | Snake:1  | Found Jalam's Book Boutique.
 25338 | Snake:1  | Bought a potion of resistance for 320 gold pieces
 25338 | Snake:1  | Bought a wand of polymorph (3) for 64 gold pieces
 25338 | Snake:1  | Bought a wand of iceblast (5) for 128 gold pieces
 25338 | Snake:1  | Bought a scroll of enchant armour for 240 gold pieces
 25340 | Snake:1  | Bought a scroll of teleportation for 51 gold pieces
 25340 | Snake:1  | Bought a scroll of enchant weapon for 127 gold pieces
 25340 | Snake:1  | Bought a scroll of summoning for 161 gold pieces
 25340 | Snake:1  | Bought a scroll of brand weapon for 340 gold pieces
 25340 | Snake:1  | Bought a scroll of blinking for 127 gold pieces
 25340 | Snake:1  | Bought a scroll of fog for 34 gold pieces
 25581 | Snake:1  | Found a blossoming altar of Fedhas.
 26304 | Snake:2  | Found a burning altar of Makhleb.
 26355 | Snake:2  | Reached XP level 18. HP: 182/182 MP: 26/26
 26589 | Snake:2  | Gained mutation: You are partially covered in large bone
                  | plates. (SH +4) [potion of mutation]
 26589 | Snake:2  | Gained mutation: You have large cloven feet. [potion of
                  | mutation]
 26589 | Snake:2  | Gained mutation: You are mostly covered in large bone
                  | plates. (SH +6) [potion of mutation]
 26703 | Snake:3  | Found a frozen archway.
 26728 | IceCv    | Entered an ice cave
 27636 | Snake:3  | Noticed Saint Roka
 27639 | Snake:3  | Noticed Aizul
 27652 | Snake:3  | Killed Aizul
 27747 | Snake:3  | Killed Saint Roka
 27881 | Snake:3  | Found a transporter.
 28046 | Snake:3  | Noticed Rofid's ghost (journeyman DrCj)
 28060 | Snake:3  | Noticed a profane servitor
 28266 | Snake:3  | Found a transporter.
 28462 | Snake:4  | Entered Level 4 of the Snake Pit
 28689 | Snake:3  | Found a one-way gate to the infinite horrors of the Abyss.
 29253 | Snake:4  | Noticed Donald
 29275 | Snake:4  | Killed Donald
 29368 | Snake:4  | Noticed Agnes
 29378 | Snake:4  | Killed Agnes
 29391 | Snake:4  | Found Muciz's Antique Weapon Shoppe.
 29417 | Snake:4  | Found a glowing golden altar of the Shining One.
 30085 | Snake:4  | Got a serpentine rune of Zot
 30471 | Vaults:1 | Entered Level 1 of the Vaults
 30492 | Vaults:1 | Acquired a +2 eveningstar of holy wrath
 30512 | Vaults:1 | Reached skill level 14 in Invocations
 30562 | Vaults:1 | Reached XP level 19. HP: 108/192 MP: 28/28
 31583 | Vaults:1 | Reached skill level 10 in Armour
 31757 | Vaults:1 | Found Zaebuasch's Book Shop.
 33518 | Vaults:2 | Identified the +0 ring mail of Ashenzari's Pride {Slay+5}
 33660 | Vaults:3 | Found Ubbawom's Distillery.
 33665 | Vaults:3 | Got the Volume of the Igneous Voyage
 33912 | Vaults:3 | Bought a potion of curing for 45 gold pieces
 33912 | Vaults:3 | Bought a potion of curing for 45 gold pieces
 33912 | Vaults:3 | Bought a potion of mutation for 120 gold pieces
 33912 | Vaults:3 | Bought a potion of curing for 45 gold pieces
 33912 | Vaults:3 | Bought a potion of curing for 45 gold pieces
 34545 | Vaults:3 | Found a staircase to the Crypt.
 35063 | Vaults:4 | Reached XP level 20. HP: 204/204 MP: 25/29
 36617 | Elf:1    | Entered Level 1 of the Elven Halls
 36619 | Elf:1    | Noticed Frances
 36628 | Elf:1    | Killed Frances
 36930 | Elf:1    | Reached skill level 15 in Invocations
 37030 | Elf:1    | Found Pofuosin's Armour Shop.
 37310 | Elf:2    | Paralysed by an air elemental for 1 turns
 37390 | Elf:2    | Found a glowing golden altar of the Shining One.
 37391 | Elf:2    | Found a white marble altar of Elyvilon.
 37392 | Elf:2    | Found a crumbling gateway.
 37393 | Elf:2    | Found a glowing silver altar of Zin.
 37542 | Desolati | Entered the Desolation of Salt
 37623 | Desolati | HP: 4/205 [molten gargoyle/bolt of magma[a halazid warlock]
                  | (12)]
 37626 | Desolati | Killed from afar by a halazid warlock

Illustrated notes

Levels and vault maps discovered:
D:1:      dpeg_arrival_long_road, layout_rooms, chequers_ecumenical_altar_simple
D:2:      minmay_evil_eye, layout_loops_cross, serial_shops,
          nicolae_shop_hallway_plus, uniq_jessica
D:3:      layout_basic, hangedman_feature_mirror, uniq_sigmund,
          uniq_crazy_yiuf_cottage
D:4:      layout_rooms, portal_sewer_entry_f, uniq_eustachio
D:5:      layout_loops_corners, gammafunk_ghost_split, chequers_avenue,
          uniq_blork_the_orc
D:6:      layout_basic, mainiacjoe_overflow_cross_hatched, fedhas_altar_4,
          uniq_menkaure
D:7:      wander_river, layout_cave_pools, riverfiend_overflow_shadow_ancestor,
          minmay_temple_entry_enclosed_plants
D:8:      layout_loops_ring, tgw_sif, lair_entry_dummy, uniq_maurice,
          uniq_psyche, uniq_grum, uniq_amaemon
D:9:      layout_gridville, lemuel_zombie_altar_yredelemnul, corner_web_ring
D:10:     layout_long_grid, erik_orc_1, kennysheep_generic_room_15
D:11:     layout_rooms, gauntlet_entry_generic
D:12:     minmay_gate_of_8, layout_rooms, serial_shops, shop
D:13:     layout_roguey, david_vaults_2, uniq_josephine
D:14:     layout_irregular_city, minmay_misc_feat_plants
D:15:     grunt_enter_depths_hoard, layout_stronghold, minmay_strange_pillars,
          minivault_8, uniq_jorgrun
Temple:   kb_temple_of_zot
Lair:1:   layout_hall_layers, ebering_ghost_xom, grunt_megastairs_1,
          serial_bayou_shore_b
Lair:2:   layout_roguey, grunt_megastairs_4, serial_bayou_shore_b, uniq_harold
Lair:3:   layout_concentric_octagons, columned_hall_lemuel,
          nzn_masters_of_martial_movement, infiniplex_staircase_pool_2
Lair:4:   layout_cave_pods, palyth_hydra_swamp_entry,
          guppyfry_snake_entry_island, minmay_lair_oklob_bushes
Lair:5:   layout_regular_city, st_stairs_4, uniq_snorg
Lair:6:   grunt_lair_end_beastmaster, layout_gridlike,
          nicolae_slime_entry_slimehenge, grunt_forest_large_clearings,
          uniq_rupert
Swamp:1:  layout_basic_swamp, nicolae_swamp_oxbows
Swamp:2:  layout_basic_swamp, evilmike_swamp_ruin_house_3
Swamp:3:  layout_basic_swamp, evilmike_swamp_ruin_house_4, uniq_louise
Swamp:4:  nzn_swamp_witches_coven, layout_basic_swamp
Snake:1:  layout_onion, basic_altar, minmay_shop_star, uniq_nikola
Snake:2:  layout_misc_corridors, basic_altar
Snake:3:  layout_cave_town, portal_ice_cave_entry_pillars_four,
          gammafunk_ghost_abyssal_escape, st_stairs_13, uniq_saint_roka,
          uniq_aizul
Snake:4:  snake_pit_salamanders_mu, layout_misc_corridors, basic_altar,
          serial_shops, shop, uniq_donald, uniq_agnes
Orc:1:    layout_caves, basic_altar
Orc:2:    kennysheep_orc_mage_school, layout_caves, basic_altar,
          enter_volcano_1, uniq_azrael
Elf:1:    layout_gridlike, serial_shops, nicolae_shop_behind_doors,
          kennysheep_underground_church, uniq_frances
Elf:2:    nicolae_elf_blades_splatter_lattice
          [nicolae_vaults_blade_armed_guards], layout_rooms,
          portal_desolation_entry_holy_temple
Vaults:1: nicolae_vaults_yaktaur_gun_rack, vaults_dpeg_cross,
          vaults_standard_mumra_enter_the_diamond, v_rooms_4, v_misc_10,
          nicolae_vaults_know_your_exits, v_misc_17, ontoclasm_vaults_ligature,
          hangedman_vaults_unwind, v_misc_11, nicolae_vaults_shelves_hall,
          nicolae_vaults_rhombus_6, layout_vaults_omnicross, serial_shops,
          nicolae_shop_waterfront
Vaults:2: v_misc_13, dpeg_vaults_monster_box, nicolae_vaults_little_squares_2,
          layout_vaults_quadrants
Vaults:3: minmay_crypt_entry_simple_sparse, vaults_standard_mumra_x,
          vaults_mumra_hexcomb, v_alt_pattern_4,
          nicolae_vaults_little_squares_4, ontoclasm_vaults_hangar,
          vaults_dpeg_ring, vaults_room_mumra_shop_pool, layout_vaults_big_room
Vaults:4: ontoclasm_vaults_idyll, vaults_room_pool, hangedman_vaults_stitches,
          vaults_standard_mumra_enter_the_diamond, nicolae_vaults_asterisk,
          nicolae_vaults_three_branches, vaults_room_boxed, v_misc_18,
          v_misc_22, vaults_dpeg_hooks, ontoclasm_vaults_twist,
          layout_vaults_ring
Desolation

Skill      XL: |  1  2  3  4  5  6  7  8  9 10 11 12 13 14 15 16 17 18 19 20 |
---------------+-------------------------------------------------------------+-----
Maces & Flails | 2 3 4 5 6 7 8 9 10 11 12 13 14 | 14.0
Shields        | 3 4 5 6 7 8 9 10 11 12 13 | 13.8
Fighting       | 3 4 5 6 7 8 9 10 11 12 13 | 13.8
Dodging        | 3 4 5 6 7 8 9 10 11 12 13 | 13.8
Invocations    | 2 4 6 7 9 10 12 13 14 15 | 15.1
Armour         | 3 4 5 6 7 8 9 10 11 | 11.2
Evocations     | 1 3 4 5 6 7 8 9 |  9.4

Action                   |  1- 3 |  4- 6 |  7- 9 | 10-12 | 13-15 | 16-18 | 19-21 || total
-------------------------+-------+-------+-------+-------+-------+-------+-------++-------
Melee: Flail             |    67 |   125 |   282 |    47 |       |       |       ||   521
       Dire flail        |       |       |   140 |       |       |       |       ||   140
       Rapier            |       |       |    63 |       |       |       |       ||    63
       Demon whip        |       |       |       |   378 |   783 |  1264 |   105 ||  2530
       Morningstar       |       |       |       |       |   161 |    72 |       ||   233
       Kick              |       |       |       |       |       |   237 |   429 ||   666
       Eveningstar       |       |       |       |       |       |    45 |   928 ||   973
Throw: Dart              |       |       |       |       |       |       |     2 ||     2
Invok: Upheaval          |       |       |       |       |     9 |    37 |    35 ||    81
       Elemental Force   |       |       |       |       |     2 |     3 |     3 ||     8
       Disaster Area     |       |       |       |       |     2 |     2 |       ||     4
Evoke: Wand              |       |       |     3 |       |       |       |     1 ||     4
  Use: Scroll            |       |     5 |     5 |    11 |     7 |    16 |     9 ||    53
       Potion            |       |     1 |       |       |       |     1 |     3 ||     5
 Stab: Sleeping          |       |     1 |     1 |       |       |       |       ||     2
       Distracted        |       |       |       |     7 |    13 |    18 |       ||    38
       Petrified         |       |       |       |     1 |    11 |       |       ||    12
Armor: Robe              |    25 |    99 |   225 |    78 |       |       |       ||   427
       Troll leather arm |       |       |       |    64 |   177 |   107 |   145 ||   493
       Swamp dragon scal |       |       |       |       |       |   110 |       ||   110
Dodge: Dodged            |    24 |    76 |   372 |   206 |   330 |   344 |   341 ||  1693
       Repelled          |       |       |       |     1 |    14 |    35 |    13 ||    63
Block: Kite shield       |    30 |    77 |   226 |   266 |   750 |   443 |  1235 ||  3027
       Tower shield      |       |       |       |       |       |   736 |    73 ||   809
       Reflection        |       |       |       |       |       |       |   104 ||   104

Table legend: (Time is in decaauts)
 A = Elapsed time spent in this place.
 B = Non-inter-level travel time spent in this place.
 C = Inter-level travel time spent in this place.
 D = Time resting spent in this place.
 E = Time spent auto-exploring this place.
 F = Levels seen in this place.
 G = Mean time per level.
                   A        B        C        D        E       F      G
               +--------+--------+--------+--------+--------+-----+--------+
         Total |  37370 |  34136 |   3234 |   1204 |  23559 |  43 |  869.1 |
       Dungeon |  13927 |  12373 |   1554 |    667 |   8707 |  15 |  928.5 |
        Temple |     98 |     98 |      0 |      0 |     75 |   1 |   98.0 |
          Lair |   5402 |   4883 |    519 |      0 |   3881 |   6 |  900.3 |
         Swamp |   3595 |   3366 |    229 |    245 |   2127 |   4 |  898.8 |
     Snake Pit |   4363 |   4000 |    363 |    179 |   2721 |   4 | 1090.8 |
  Orcish Mines |   1584 |   1461 |    123 |      0 |    857 |   2 |  792.0 |
   Elven Halls |    916 |    890 |     26 |     11 |    374 |   2 |  458.0 |
        Vaults |   5290 |   4873 |    417 |     56 |   3613 |   4 | 1322.5 |
         Sewer |    425 |    425 |      0 |     31 |    174 |   1 |  425.0 |
      Ice Cave |    850 |    850 |      0 |      0 |    547 |   1 |  850.0 |
       Volcano |    337 |    337 |      0 |      0 |    227 |   1 |  337.0 |
    Desolation |     83 |     83 |      0 |      5 |      5 |   1 |   83.0 |
      Gauntlet |    495 |    495 |      0 |     10 |    248 |   1 |  495.0 |
               +--------+--------+--------+--------+--------+-----+--------+

Top non-repeatable levels by time:
 Swamp:4: 1592 daAuts
 Snake:4: 1581 daAuts
Vaults:4: 1424 daAuts
Vaults:1: 1420 daAuts
  Lair:4: 1341 daAuts
     D:5: 1281 daAuts
    D:10: 1280 daAuts
Vaults:2: 1249 daAuts
     D:8: 1221 daAuts
Vaults:3: 1195 daAuts
     D:7: 1194 daAuts
   Orc:2: 1185 daAuts
 Snake:3: 1130 daAuts
    D:15: 1035 daAuts
     D:9: 1017 daAuts
